 Dungeon Crawl Stone Soup version 0.31-a0-702-gf82c85558f (webtiles) character file.

Game seed: 4764323498627024603

20 qw the Shooter (level 2, -1/17 HPs)
             Began as a Gargoyle Hunter on Sept 8, 2023.
             Slain by Terence
             ... wielding a +0 short sword
              (5 damage)
             ... on level 2 of the Dungeon.
             The game lasted 00:00:17 (1501 turns).

qw the Shooter (Gargoyle Hunter)                    Turns: 1501, Time: 00:00:17

Health: -1/17      AC:  7    Str: 14    XL:     2   Next: 79%
Magic:  2/2        EV: 10    Int:  9    God:
Gold:   36         SH:  0    Dex: 13    Spells: 1/1 levels left

rFire   . . .        Y - +0 shortbow
rCold   . . .        (shield currently unavailable)
rNeg    + . .        j - +0 ring mail
rPois   inf          (no helmet)
rElec   +            (no cloak)
rCorr   .            (no gloves)
SInv    .            (no boots)
Will    .....        (no amulet)
Stlth   +            (no ring)
HPRegen 0.22/turn    (no ring)
MPRegen 0.08/turn

%: no passive effects
@: no status effects
A: sickness immunity, AC +2, negative energy resistance 1, electricity
resistance, torment resistance 1, petrification resistance
a: no special abilities


You were on level 2 of the Dungeon.
You visited 1 branch of the dungeon, and saw 2 of its levels.

You collected 36 gold pieces.


Innate Abilities, Weirdness & Mutations

You are immune to sickness and miasma.
Your stone body is resilient. (AC +2)
You are immune to poison.
You resist negative energy. (rN+)
You are resistant to electric shocks. (rElec)
You are resistant to unholy torment.
You are immune to petrification.


   Skills:
 - Level 2.1 Fighting
 - Level 4.7 Ranged Weapons
 + Level 0.1 Armour
 - Level 1.5 Dodging
 - Level 1.1 Stealth


You had one spell level left.
You didn't know any spells.
Your spell library was empty.

Inventory:

Hand Weapons
 Y - a +0 shortbow (weapon)
Armour
 j - a +0 ring mail (worn)
Potions
 g - a potion of cancellation {unknown}
 h - a potion of might

Dungeon Overview and Level Annotations

Branches:
Dungeon (2/15)

Altars:

Annotations:
D:2 Terence


Message History

Terence barely misses you.
You shoot an arrow. The arrow hits Terence.
Terence is lightly wounded.
Terence hits you but does no damage.
You shoot an arrow.
The arrow hits Terence but does no damage.
Terence is lightly wounded.
Terence closely misses you. Terence hits you but does no damage.
You shoot an arrow. The arrow completely misses Terence.
Terence hits you with a +0 short sword.
You shoot an arrow. The arrow hits Terence!
Terence is moderately wounded.
Terence hits you with a +0 short sword.
You shoot an arrow.
The arrow hits Terence but does no damage.
Terence is moderately wounded.
Terence hits you but does no damage.
You shoot an arrow. The arrow barely misses Terence.
Terence hits you but does no damage. Terence hits you with a +0 short sword.
You shoot an arrow.
The arrow hits Terence but does no damage.
Terence is moderately wounded.
Terence closely misses you.
You shoot an arrow. The arrow barely misses Terence.
Terence hits you but does no damage.
You shoot an arrow. The arrow barely misses Terence.
Terence hits you but does no damage. Terence barely misses you.
You shoot an arrow. The arrow hits Terence.
Terence is severely wounded.
Terence hits you but does no damage.
You shoot an arrow. The arrow hits Terence.
Terence is severely wounded.
Terence barely misses you.
You shoot an arrow. The arrow closely misses Terence.
Terence hits you with a +0 short sword.
You shoot an arrow.
The arrow hits Terence but does no damage.
Terence is severely wounded.
Terence barely misses you. Terence hits you with a +0 short sword.
You die...

7.7 ##.. .7 7..
##... . 7.
7.###.... .P ..
7........ .7.
7. ........
.... .7 #.....
.....7.77 #<...
......@.7 ##...
7@#777## ##..
##.....# ##'
##...## #.
##.## ########.
#.# #........
#.# #.#####..
#.# #.# #...
#.# #.# ##..
#.#####.######.


You could see Terence.

Vanquished Creatures
  An endoplasm (D:1)
  A giant cockroach (D:1)
  2 goblins (D:1)
  3 hobgoblins (D:1)
  2 kobolds (D:1)
  A quokka (D:1)
  3 ball pythons (D:1)
  2 frilled lizards (D:1)
  4 rats
19 creatures vanquished.

Notes
Turn   | Place    | Note
-------+----------+-------------------------------------------
     0 | D:1      | qw the Gargoyle Hunter began the quest for the Orb.
     0 | D:1      | Reached XP level 1. HP: 12/12 MP: 1/1
     0 | D:1      | 0 ||| qw: Version: 0.3-a-76-g4403597
     0 | D:1      | 0 ||| qw: Game counter: 1250
     0 | D:1      | 0 ||| qw: Melee chars always use a shield: true
     0 | D:1      | 0 ||| qw: God list: Okawaru
     0 | D:1      | 0 ||| qw: Allow faded altars: false
     0 | D:1      | 0 ||| qw: Do Orc after clearing Dungeon:15 true
     0 | D:1      | 0 ||| qw: Do second Lair branch before Depths: true
     0 | D:1      | 0 ||| qw: Lair rune preference: random
     0 | D:1      | 0 ||| qw: Goals: Normal
     0 | D:1      | 0 ||| PLANNING D:1-11
    84 | D:1      | HP: 1/12 [frozen (3)]
   346 | D:1      | Reached XP level 2. HP: 17/17 MP: 2/2
  1271 | D:1      | 1271 ||| UPGRADING to +0 ring mail.
  1281 | D:1      | 1281 ||| DROPPING +0 leather armour.
  1282 | D:1      | 1282 ||| READING scroll labelled QEOFYO FUINYEKK.
  1283 | D:1      | 1283 ||| READING scroll labelled JUUHUTUVAU.
  1384 | D:1      | 1384 ||| READING scroll labelled KYUROADIU.
  1388 | D:1      | 1388 ||| DRINKING 2 bubbling orange potions.
  1420 | D:1      | 1420 ||| DRINKING 2 white potions.
  1421 | D:1      | 1421 ||| DROPPING scroll of butterflies.
  1422 | D:1      | 1422 ||| DROPPING potion of lignification.
  1483 | D:2      | Noticed Terence
  1500 | D:2      | HP: 4/17 [Terence/+0 short sword (4)]
  1501 | D:2      | Slain by Terence

Levels and vault maps discovered:
D:1:      dpeg_arrival_water_fire, layout_basic, serial_forest,
          infiniplex_forest_clump_tiny, infiniplex_forest_clump_small,
          infiniplex_forest_zigzag_2, infiniplex_forest_lined_corner,
          infiniplex_forest_lined_3, infiniplex_forest_end_3,
          infiniplex_forest_end_3, infiniplex_forest_clump_small,
          infiniplex_forest_lined_room_2, infiniplex_forest_clump_double
D:2:      wad_woods_settlement, layout_loops_corners, serial_bayou,
          serial_bayou_lake_a, serial_bayou_pond_e, serial_bayou_pond_b,
          serial_bayou_ford_a, basic_ecumenical_altar, st_stairs_8,
          nrook_campfire, kennysheep_generic_room_13, uniq_terence

Action                     || total
---------------------------++-------
   Fire: Shortbow          ||    54
    Use: Scroll            ||     3
         Potion            ||     2
 Armour: Leather armour    ||     4
         Ring mail         ||    12
  Dodge: Dodged            ||     9

Table legend:
 A = Non-vault XP
 B = Vault XP
 C = Vault XP percentage of total XP
 D = Non-vault monster count
 E = Vault monster count
 F = Vault count percentage of total count
                 A         B        C        D         E       F
            +---------+---------+-------+---------+---------+-------
      Total |      29 |       0 |   0.0 |      19 |       0 |   0.0
            +---------+---------+-------+---------+---------+-------
        D:1 |      28 |       0 |   0.0 |      18 |       0 |   0.0
        D:2 |       1 |       0 |   0.0 |       1 |       0 |   0.0
            +---------+---------+-------+---------+---------+-------
